 Dungeon Crawl Stone Soup version 0.27-a0-1277-g3808f8b1c9 (webtiles) character file.

Game seed: 1404688548736391116

5 Gargoyl the Skirmisher (level 1, -5/23 HPs)
             Began as a Gnoll Abyssal Knight on June 12, 2021.
             Was a Follower of Lugonu.
             Slain by a +1 long sword of holy wrath (14 damage)
             ... on level 3 of the Abyss.
             The game lasted 00:00:23 (100 turns).

Gargoyl the Skirmisher (Gnoll Abyssal Knight)        Turns: 100, Time: 00:00:24

Health: -5/23      AC:  3    Str: 11    XL:     1   Next: 80%
Magic:  3/3        EV: 11    Int: 11    God:    Lugonu [*.....]
Gold:   17         SH:  0    Dex: 11    Spells: 0/0 levels left

rFire    . . .     SeeInvis .   a - +1 hand axe
rCold    . . .     Faith    .   (no shield)
rNeg     . . .     Spirit   .   b - +0 leather armour
rPois    .         Reflect  .   (no helmet)
rElec    .         Harm     .   (no cloak)
rCorr    .         Rampage  .   (no gloves)
Will     .....                  (no boots)
Stlth    +.........             (no amulet)
HPRegen  0.07/turn              (no ring)
MPRegen  0.08/turn              (no ring)

@: no status effects
A: fangs 1, strong nose, distributed training
a: Renounce Religion, Depart the Abyss


You were on level 3 of the Abyss.
You worshipped Lugonu.
Lugonu was aware of your devotion.
You visited 0 branches of the dungeon, and saw 0 of its levels.
You visited the Abyss 1 time.

You collected 17 gold pieces.

Inventory:

Hand Weapons
 a - a +1 hand axe (weapon)
Armour
 b - a +0 leather armour (worn)


   Skills:
 + Level 6.4 Fighting
 + Level 0.1 Short Blades
 + Level 0.1 Long Blades
 + Level 4.4 Axes
 + Level 0.1 Maces & Flails
 + Level 0.1 Polearms
 + Level 0.1 Staves
 + Level 0.1 Slings
 + Level 0.1 Bows
 + Level 0.1 Crossbows
 + Level 0.1 Throwing
 + Level 4.4 Armour
 + Level 2.4 Dodging
 + Level 0.1 Stealth
 + Level 0.1 Shields
 + Level 0.1 Unarmed Combat
 + Level 0.1 Spellcasting
 + Level 0.1 Conjurations
 + Level 0.1 Hexes
 + Level 0.1 Summonings
 + Level 0.1 Necromancy
 + Level 0.1 Translocations
 + Level 0.1 Transmutations
 + Level 0.1 Fire Magic
 + Level 0.1 Ice Magic
 + Level 0.1 Air Magic
 + Level 0.1 Earth Magic
 + Level 0.1 Poison Magic
 + Level 4.4 Invocations
 + Level 0.1 Evocations


You couldn't memorise any spells.
You didn't know any spells.
Your spell library was empty.

Dungeon Overview and Level Annotations

Branches:
Dungeon (0/15)

Altars:


Innate Abilities, Weirdness & Mutations

You have very sharp teeth.
Your uncanny sense of smell can sniff out nearby items.
Your experience applies equally to all skills.


Message History

d - a scroll labelled KOYSIB IRESIDGHI
Found a leather armour.
There is a gateway leading deeper into the Abyss here.
Blink to where?
Press: ? - help, Dir - move target
As you read the scroll labelled KOYSIB IRESIDGHI, it crumbles to dust.
It was a scroll of blinking.
Found 11 gold pieces.
Found a gateway leading out of the Abyss.
You now have 17 gold pieces (gained 11).
A large abomination comes into view.
There is a gateway leading deeper into the Abyss here.
There is a gateway leading deeper into the Abyss here.
It was a potion of curing.
You feel better.
You plunge deeper into the Abyss.
Found 42 gold pieces.
Found a corrupted altar of Lugonu.
Found a gateway leading deeper into the Abyss.
There is a gateway leading deeper into the Abyss here.
You plunge deeper into the Abyss.
The abyssal rune of Zot can be found at this depth.
An ufetubus comes into view.
A +1 long sword of holy wrath comes into view.
You hit the ufetubus.
The ufetubus is severely wounded.
The ufetubus barely misses you. x2
The ufetubus hits you but does no damage.
The ufetubus barely misses you.
You hit the ufetubus.
You kill the ufetubus!
You barely miss the +1 long sword of holy wrath.
The +1 long sword of holy wrath hits you!
Ouch! That really hurt!
The +1 long sword of holy wrath barely misses you.
You closely miss the +1 long sword of holy wrath.
The +1 long sword of holy wrath misses you.
The +1 long sword of holy wrath closely misses you.
You hit the +1 long sword of holy wrath but do no damage.
The +1 long sword of holy wrath hits you!
Ouch! That really hurt!
You die...

###. .#...#..
...###.#.... . ... .
.....#∆ #...#. ....#.##
. . ....#.#...## # ...
.....#.....######...
..# . .#...............
.# ...#......@(......
##.#..##.....###.###...
.#.#. #... # ## . .#
.... # # ##.... .....
#....... ... #.#..
##.### ..### # .#∆ . .
#.. .#


You could see a +1 long sword of holy wrath.

Vanquished Creatures
  An ufetubus (Abyss:3)
1 creature vanquished.

Notes
Turn   | Place    | Note
-------+----------+-------------------------------------------
     0 | Abyss:1  | Gargoyl the Gnoll Abyssal Knight began the quest for the
                  | Orb.
     0 | Abyss:1  | Reached XP level 1. HP: 23/23 MP: 3/3
    46 | Abyss:1  | Found an opulent altar of Gozag.
    68 | Abyss:1  | Noticed a large abomination
    73 | Abyss:2  | Found a corrupted altar of Lugonu.
    95 | Abyss:3  | Noticed a +1 long sword of holy wrath
   100 | Abyss:3  | Slain by a +1 long sword of holy wrath

Illustrated notes

Levels and vault maps discovered:
Abyss:3:  base: Temple, evilmike_abyss_rune_tso_outpost

Action                   || total
-------------------------++-------
Melee: Hand axe          ||     5
  Use: Scroll            ||     1
       Potion            ||     1
Armor: Leather armour    ||     1
Dodge: Dodged            ||     6

Table legend: (Time is in decaauts)
 A = Elapsed time spent in this place.
 B = Non-inter-level travel time spent in this place.
 C = Inter-level travel time spent in this place.
 D = Time resting spent in this place.
 E = Time spent auto-exploring this place.
 F = Levels seen in this place.
 G = Mean time per level.
                   A        B        C        D        E       F      G
               +--------+--------+--------+--------+--------+-----+--------+
         Total |     99 |     99 |      0 |      0 |     55 |   3 |   33.0 |
         Abyss |     99 |     99 |      0 |      0 |     55 |   3 |   33.0 |
               +--------+--------+--------+--------+--------+-----+--------+

Top non-repeatable levels by time:
 Abyss:1: 73 daAuts
 Abyss:3: 20 daAuts
 Abyss:2: 6 daAuts
